 Dungeon Crawl Stone Soup version 0.30-a0-723-gc1506a1cf0 (webtiles) character file.

Game seed: 12050722654858241788

241 Sabo the Conjurer (level 6, 0/37 HPs)
             Began as an Octopode Conjurer on Jan 28, 2023.
             Was an Initiate of Qazlal.
             Slain by a lemure (6 damage)
             ... led by Pikel
             ... on level 4 of the Dungeon.
             The game lasted 00:18:32 (3940 turns).

Sabo the Conjurer (Octopode Conjurer)               Turns: 3940, Time: 00:18:32

Health: 0/37       AC:  1    Str:  7    XL:     6   Next: 8%
Magic:  14/20      EV: 13    Int: 22    God:    Qazlal [......]
Gold:   228        SH:  0    Dex: 14    Spells: 8/12 levels left

rFire   . . .      SeeInvis .    j - +1 whip "Jighouss" {heavy, rPois Will+ Dex+4}
rCold   . . .      Faith    .    (no shield)
rNeg    . . .      Spirit   .    (helmet restricted)
rPois   +          Reflect  .    (no amulet)
rElec   .          Harm     .    d - ring of willpower
rCorr   .          Rampage  .    r - ring of magical power
Will    +++..                    s - ring of willpower
Stlth   +++                      (no ring)
HPRegen 0.26/turn                (no ring)
MPRegen 0.17/turn                (no ring)
                                 (no ring)
                                 (no ring)

@: no status effects
A: almost no armour, amphibious, 8 rings, camouflage 1, gelatinous body 1,
(nimble swimmer 1), tentacles
a: Renounce Religion


You were on level 4 of the Dungeon.
You worshipped Qazlal.
Qazlal was noncommittal.
You visited 1 branch of the dungeon, and saw 4 of its levels.

You collected 228 gold pieces.

Inventory:

Hand Weapons
 f - a +0 arbalest
 j - the +1 whip "Jighouss" (weapon) {heavy, rPois Will+ Dex+4}
   (You found it on level 2 of the Dungeon)

   Dex:       It affects your dexterity (+4).
   rPois:     It protects you from poison.
   Will:      It increases your willpower.
Missiles
 n - 14 poisoned darts (quivered)
Jewellery
 d - a ring of willpower (left tentacle)
 r - a ring of magical power (right tentacle)
 s - a ring of willpower (on tentacle)
Scrolls
 k - a scroll of enchant weapon
 p - a scroll of summoning {unknown}
 q - a scroll of enchant armour {unknown}
 t - a scroll of teleportation {unknown}
 u - a scroll of identify
Potions
 a - a potion of magic
 b - 2 potions of heal wounds
 c - 2 potions of lignification {unknown}
 e - 3 potions of brilliance {unknown}
 g - 3 potions of curing
 h - 2 potions of degeneration {unknown}
 i - a potion of might {unknown}
 l - a potion of berserk rage {unknown}
 m - a potion of haste {unknown}
 o - a potion of invisibility {unknown}


   Skills:
 + Level 0.7 Fighting
 + Level 2.4 Dodging
 + Level 3.7 Stealth
 + Level 3.6 Spellcasting
 + Level 5.6 Conjurations


You had 8 spell levels left.
You knew the following spells:

 Your Spells              Type           Power      Damage    Failure   Level
a - Magic Dart            Conj           100%       1d8       1%          1
b - Dazzling Flash        Conj/Hex       32%        N/A       11%         3

Your spell library contained the following spells:

 Spells                   Type           Power      Damage    Failure   Level
 Searing Ray              Conj           56%        2d6       1%          2
 Iskenderun's Battlesphe  Conj           28%        2d8       32%         5
 Fulminant Prism          Conj/Hex       8%         3d7       36%         4
 Iskenderun's Mystic Bla  Conj/Tloc      16%        2d5       36%         4
 Fireball                 Conj/Fire      8%         3d6       71%         5
 Conjure Ball Lightning   Conj/Air       8%         3x3d6     99%         6
 Orb of Destruction       Conj           14%        9d7       100%        7


Dungeon Overview and Level Annotations

Branches:
Dungeon (4/15)
 Temple: D:4-7

Altars:
Kikubaaqudgha
Qazlal

Annotations:
D:1 1 transporter
D:4 Pikel


Innate Abilities, Weirdness & Mutations

You cannot wear most types of armour.
You are amphibious.
You can wear up to eight rings at the same time.
Your skin changes colour to match your surroundings (Stealth+).
Your rubbery body absorbs attacks. (AC +1, EV +1)
((You are camouflaged when in or above water. (Stealth+)))
You have tentacles for arms and can constrict up to eight enemies at once.


Message History

Casting: Magic Dart (safe; 1% risk of failure)
Confirm with . or Enter, or press ? or * to list all spells.
Aiming: Magic Dart (safe; 1% risk of failure)
Press: ? - help, Shift-Dir - straight line, f/p - lemure
Aim: a lemure (severely wounded, 100% to hit)
The magic dart hits the lemure.
The lemure is almost dead.
The lemure hits you.
Casting: Magic Dart (safe; 1% risk of failure)
Confirm with . or Enter, or press ? or * to list all spells.
Aiming: Magic Dart (safe; 1% risk of failure)
Press: ? - help, Shift-Dir - straight line, f/p - lemure
Aim: a lemure (almost dead, 100% to hit)
The magic dart hits the lemure.
The lemure is almost dead.
The lemure hits you but does no damage. The lemure hits you!
Casting: Magic Dart (safe; 1% risk of failure)
Confirm with . or Enter, or press ? or * to list all spells.
Aiming: Magic Dart (safe; 1% risk of failure)
Press: ? - help, Shift-Dir - straight line, f/p - lemure
Aim: a lemure (almost dead, 100% to hit)
The magic dart hits the lemure.
The lemure is almost dead.
The lemure misses you. The lemure completely misses you.
You hit the lemure. You grab the lemure.
The lemure is lightly wounded.
You constrict the lemure, but do no damage.
The lemure struggles to escape constriction.
The lemure closely misses you.
You hit the lemure but do no damage. You squeeze the lemure.
The lemure is lightly wounded.
You constrict the lemure.
The lemure escapes!
The lemure hits you!
* * * LOW HITPOINT WARNING * * *
You closely miss the lemure. Your grab misses the lemure.
You squeeze the lemure!
The lemure is moderately wounded.
Pikel barely misses you. The lemure hits you.
* * * LOW HITPOINT WARNING * * *
The lemure hits you.
You die...

#...#...#...#...#..###
###~.~.~.~.~.~.~.~.#
#...#...#...#....#
#~.~.~.~.~.~.~.~.#
#.#...#...#...#..# .
#..~.~.~.~.~.~.#.# S
..#####....###########..
. .........5######## .
.........@5....... .
##.......#K5...### .
#.......#5##.## .
.........#.# .. .
#.#.######.# ## . #.†.
..[ . .# ... # ... #


You could see Pikel and 4 lemures.

Vanquished Creatures
  Blork the orc (D:4)
  A howler monkey (D:4)
  An iguana (D:4)
  4 adders
  A worm (D:4)
  2 dart slugs
  7 endoplasms
  A giant cockroach (D:2)
  6 goblins
  7 hobgoblins
  3 jackals (D:1)
  3 quokkas
  6 ball pythons
  10 bats
  3 frilled lizards
  6 kobolds
  6 rats
68 creatures vanquished.

Notes
Turn   | Place    | Note
-------+----------+-------------------------------------------
     0 | D:1      | Sabo the Octopode Conjurer began the quest for the Orb.
     0 | D:1      | Reached XP level 1. HP: 11/11 MP: 3/3
   200 | D:1      | Reached XP level 2. HP: 17/17 MP: 3/5
  1075 | D:2      | Identified the +1 whip "Jighouss" {heavy, rPois Will+
                  | Dex+4}
  1203 | D:2      | Reached XP level 3. HP: 21/21 MP: 2/6
  1407 | D:2      | Found an ancient bone altar of Kikubaaqudgha.
  2139 | D:3      | Reached XP level 4. HP: 27/27 MP: 2/7
  3067 | D:4      | Learned a level 3 spell: Dazzling Flash
  3077 | D:4      | Noticed Blork the orc
  3090 | D:4      | HP: 1/27 [Blork the orc/+0 hand axe (11)]
  3094 | D:4      | Killed Blork the orc
  3095 | D:4      | Reached skill level 5 in Conjurations
  3095 | D:4      | Reached XP level 5. HP: 11/31 MP: 8/9
  3575 | D:4      | Found a stormy altar of Qazlal.
  3582 | D:4      | Became a worshipper of Qazlal Stormbringer
  3803 | D:4      | Reached XP level 6. HP: 13/37 MP: 11/11
  3928 | D:4      | Noticed Pikel
  3940 | D:4      | Slain by a lemure

Illustrated notes

Levels and vault maps discovered:
D:1:      spicycebolla_arrival_risky_transporter, layout_rooms
D:2:      layout_rooms, basic_altar
D:3:      layout_loops_ring, dk_noncrumbling_4, minmay_crystal_water,
          nrook_loot_triangle
D:4:      layout_basic, lemuel_round_altar, kennysheep_crisscross,
          minmay_statues_item, uniq_blork_the_orc, uniq_pikel

Skill      XL: |  1  2  3  4 |
---------------+-------------+-----
Stealth        | 3 |  3.7
Spellcasting   | 3 |  3.6
Conjurations   | 5 |  5.6
Fighting       | |  0.7
Dodging        | |  2.4

Action                     |  1- 3 |  4- 6 || total
---------------------------+-------+-------++-------
  Melee: Unarmed           |     3 |       ||     3
         Tentacles         |     2 |     2 ||     4
         Constrict         |     2 |     2 ||     4
         Whip              |     1 |     8 ||     9
   Cast: Magic Dart        |    72 |    78 ||   150
    Use: Scroll            |     3 |     1 ||     4
         Potion            |       |     1 ||     1
 Armour: Skin              |       |     3 ||     3
  Dodge: Dodged            |     3 |    18 ||    21

Table legend: (Time is in decaauts)
 A = Elapsed time spent in this place.
 B = Non-inter-level travel time spent in this place.
 C = Inter-level travel time spent in this place.
 D = Time resting spent in this place.
 E = Time spent auto-exploring this place.
 F = Levels seen in this place.
 G = Mean time per level.
                   A        B        C        D        E       F      G
               +--------+--------+--------+--------+--------+-----+--------+
         Total |   3941 |   3941 |      0 |   1554 |      0 |   4 |  985.2 |
       Dungeon |   3941 |   3941 |      0 |   1554 |      0 |   4 |  985.2 |
               +--------+--------+--------+--------+--------+-----+--------+

Top non-repeatable levels by time:
     D:3: 1170 daAuts
     D:2: 1063 daAuts
     D:4: 924 daAuts
     D:1: 782 daAuts
